 Dungeon Crawl Stone Soup version 0.18.1-8-gdd0e5ea (webtiles) character file.

4950 Chemotherapy the Cleaver (level 10, -15/79 HPs)
             Began as a Naga Chaos Knight on May 22, 2016.
             Demolished by a hill giant
             ... wielding a cursed -1 giant spiked club
              (17 damage)
             ... on level 9 of the Dungeon.
             The game lasted 00:17:48 (9132 turns).

Chemotherapy the Cleaver (Naga Chaos Knight)        Turns: 9132, Time: 00:17:49

Health: -15/79     AC: 13    Str: 16    XL:     10   Next: 52%
Magic:  13/13      EV: 10    Int: 12    God:    Xom [*.....]
Gold:   410        SH:  0    Dex: 13    Spells: 0 memorised, 9 levels left

rFire  . . .     SeeInvis +     b - +4 battleaxe
rCold  + . .     Gourm    .     v - +2 leather armour
rNeg   . . .     Faith    .     (shield currently unavailable)
rPois  +         Spirit   .     n - +0 helmet
rElec  .         Dismiss  .     h - +0 cloak
rCorr  .         Reflect  .     (no gloves)
SustAt +         Harm     .     (no barding)
MR     +....                    (no amulet)
Stlth  +.........               (no ring)
                                i - ring of sustain attributes

@: very slow, somewhat resistant to hostile enchantments, very unstealthy
A: molten scales 1, slimy green scales 1, see invisible, cold resistance 1,
deformed body, frail 1, mutation resistance 1, poison resistance, shaggy fur 1,
slowness 2, slow metabolism 1, spit poison 2, wild magic 1, AC +3
a: Spit Poison, Renounce Religion


You were on level 9 of the Dungeon.
You worshipped Xom.
You were a special plaything of Xom.
You were not hungry.

You visited 1 branch of the dungeon, and saw 9 of its levels.
You visited the Abyss 1 time.
You also visited: Ossuary.

You collected 485 gold pieces.
You spent 75 gold pieces at shops.

Inventory:

Hand Weapons
 a - a cursed +1 hand axe of chaos
 b - a +4 battleaxe (weapon)
   (You found it on level 7 of the Dungeon)
 y - a +0 war axe
   (You took it off an orc on level 8 of the Dungeon)
Armour
 h - a +0 cloak (worn)
   (You took it off Crazy Yiuf on level 4 of the Dungeon)
 n - a +0 helmet (worn)
   (You found it on level 6 of the Dungeon)
 v - a +2 leather armour (worn)
Jewellery
 i - a ring of sustain attributes (left hand)
   (You found it on level 2 of the Dungeon)
Wands
 m - a wand of flame (12/48)
   (You found it on level 4 of the Dungeon)
 t - a wand of digging (24/24)
   (You found it on level 4 of the Dungeon)
Scrolls
 d - 5 scrolls of enchant weapon
 e - a scroll of fog
 f - a scroll of fear
 g - a scroll of magic mapping {!r}
 k - a scroll of teleportation
 l - 3 scrolls of identify
 x - 3 scrolls of remove curse
Potions
 j - 3 potions of resistance
 q - 2 potions of lignification {!q}
 s - 2 potions of brilliance
 w - a potion of agility
 A - a potion of curing
Books
 o - Kikubaaqudgha's Almanac of Black Rites
   (You found it on level 3 of the Dungeon)

   Spells                             Type                      Level
   a - Pain                           Necromancy                   1
 r - a book of the Earth
   (You found it on level 5 of the Dungeon)
 B - a book of Misfortune
   (You found it on level 9 of the Dungeon)
Miscellaneous
 u - a plain deck of summoning {Water}
   (You found it on level 4 of the Dungeon)
Comestibles
 c - 3 bread rations {@e1}
 p - 3 meat rations {@e2}
 z - 2 beef jerkies


   Skills:
 + Level 5.2 Fighting
 * Level 12.6 Axes
 + Level 3.7 Armour
 + Level 3.4 Dodging
 + Level 4.2 Evocations


You had 9 spell levels left.
You didn't know any spells.

Dungeon Overview and Level Annotations

Branches:
Dungeon (9/15)             Temple (0/1) D:7
   Lair: D:8-11         Orc: D:9-12

Altars:
Ashenzari
Cheibriados
Kikubaaqudgha
Makhleb
Nemelex Xobeh
Okawaru
Pakellas
Qazlal
Ru
Sif Muna
Trog
Vehumet
Xom
The Shining One

Shops:
D:6 *

Annotations:
Abyss:1 Robin


Innate Abilities, Weirdness & Mutations

You cannot wear boots.
Your serpentine skin is tough (AC +3).
You have supernaturally acute eyesight.
Armour fits poorly on your strangely shaped body.
Your system is resistant to poisons.
You cover ground very slowly.
You have a slow metabolism.
You can spit poison.
You are partially covered in molten scales (AC +1).
You are partially covered in slimy green scales (AC +2).
Your flesh is cold resistant.
You are frail (-10% HP).
You are somewhat resistant to further mutation.
You are covered in fur (AC +1).
Your spells are a little harder to cast, but a little more powerful.


Message History

You slash the worker ant!
You kill the worker ant!
The orc wizard casts a spell at you. You resist with almost no effort.
You barely miss the worker ant zombie. You hit the hound.
The hound bites you but does no damage. x2; The worker ant zombie bites you.
You take 4 damage, and have 36/79 hp.
You slice the worker ant zombie!! You slash the hound!
The hound bites you but does no damage.
The worker ant zombie bites you but does no damage.
The hound bites you but does no damage.
You slice the worker ant zombie!!
You destroy the worker ant zombie!
You barely miss the hound. The hound bites you but does no damage.
The orc wizard points at you and mumbles some strange words.
The magic dart hits you!
You take 1 damage, and have 35/79 hp.
The hound bites you but does no damage.
The orc wizard mumbles some strange words.
The orc wizard seems to speed up.
The hound bites you.
Things that are here:
an uncursed shortbow; 17 arrows The orc wizard closely misses you.
The hound barely misses you.
The orc wizard hits you but does no damage.
The hound bites you.
You take 1 damage, and have 34/79 hp.
You barely miss the orc wizard. You hit the hound.
You kill the hound!
The orc wizard closely misses you.
You slice the orc wizard!!
You kill the orc wizard!
You see here a hound corpse.
You butcher the hound corpse.
C - 9 chunks of flesh {@w0} (gained 3)
You start resting.
Eating one of 9 chunks of flesh {@w0}.
You continue eating. x2
Health restored: 79
Things that are here:
an uncursed shortbow; 29 arrows
Things that are here:
a dagger; a robe; an orc corpse Some of the chunks of flesh in your inventory have rotted away.
You open the door.
There is an open door here.
Found a stone staircase leading down.
There is a stone staircase leading down here.
A giant frog zombie comes into view.
A hill giant comes into view. It is wielding a giant spiked club.
The hill giant shouts!
You slice the giant frog zombie!! "This might be better!"
The hill giant is charmed.
The giant frog zombie hits you but does no damage.
The giant frog zombie barely misses you.
A giant frog comes into view.
You slice the giant frog zombie!!
You destroy the giant frog zombie!
You swap places.
The giant frog hits you but does no damage. x2
You slice the giant frog!!
The giant frog hits you but does no damage.
Your hill giant says, "It's nice to have friends."
You barely miss the giant frog.
The giant frog hits you but does no damage.
The giant frog closely misses you.
You hit the giant frog.
You kill the giant frog!
You see here a giant frog corpse.
You swap places.
All of the chunks of flesh in your inventory have rotted away.
Found a stone staircase leading down.
The hill giant is no longer charmed.
The hill giant hits you with a giant spiked club!
You take 16 damage, and have 63/79 hp.
MASSIVE DAMAGE!!
You slash the hill giant!
The hill giant hits you with a giant spiked club.
You barely miss the hill giant. You barely miss the hill giant.
The hill giant hits you with a giant spiked club!
You take 10 damage, and have 53/79 hp.
You hit the hill giant. The hill giant closely misses you.
You hit the hill giant.
The hill giant hits you with a giant spiked club!!
* * * LOW HITPOINT WARNING * * *
You emit a cloud of colourful smoke!
You take 34 damage, and have 19/79 hp.
MASSIVE DAMAGE!!
You slash the hill giant!
The hill giant hits you with a giant spiked club!
* * * LOW HITPOINT WARNING * * *
You take 17 damage, and have 2/79 hp.
MASSIVE DAMAGE!!
You hit the hill giant. You slash the hill giant!
The hill giant hits you with a giant spiked club!
You die...
Xom howls with laughter!

..###.....#.#####.#
....####..#.>.....#
.......##'#.#.##....
............#.##.# .
###########.#..#.#
..#..#.# #.#..#.#
#########§##.#.# #
........@§..†#.#.#
........C§.......#
###....#.##....#.#
#....#.##.####
#>...#.##.#
####.#....# #.###...
.. .... #. ......


You could see a hill giant.

Vanquished Creatures
  The ghost of heiberg the Conjurer, an amateur HEWz (D:4)
  A hippogriff (D:8)
  2 steam dragons
  2 hungry ghosts (D:8)
  Menkaure (D:6)
  Edmund (D:6)
  Duvessa (D:5)
  2 orc warriors
  3 black bears
  An ice beast (D:7)
  5 ogres
  A phantom (D:6)
  6 centaurs
  An elf zombie (Ossuary)
  3 giant frogs
  3 big kobolds
  A gnoll sergeant (D:4)
  Dowan (D:5)
  3 scorpions
  7 killer bees (D:8)
  A howler monkey (D:4)
  5 crimson imps
  A giant frog zombie (D:9)
  2 human zombies (Ossuary)
  3 hounds
  4 orc priests
  2 jellies
  Crazy Yiuf (D:4)
  A centaur skeleton (D:7)
  Ijyb (D:2)
  4 orc wizards
  6 worker ants
  A hound zombie (D:6)
  2 mummies (Ossuary)
  3 worker ant zombies
  3 gnolls (D:4)
  10 adders
  3 shadow imps
  An adder skeleton (D:4)
  2 dart slugs
  4 giant geckos
  21 orcs
  2 giant cockroaches
  9 hobgoblins
  20 jackals
  26 kobolds
  4 quokkas
  5 bats
  A giant gecko skeleton (D:8)
  4 giant newts
  21 goblins
  A goblin zombie (Ossuary)
  10 hobgoblin zombies (Ossuary)
  A jackal skeleton (D:8)
  2 jackal zombies (Ossuary)
  12 kobold zombies (Ossuary)
  7 orc zombies (Ossuary)
  A quokka skeleton (D:6)
  8 rats
  2 rat zombies (Ossuary)
  A fungus (D:6)
264 creatures vanquished.

Vanquished Creatures (others)
  3 fungi (D:6)
3 creatures vanquished.

Grand Total: 267 creatures vanquished

Notes
Turn   | Place    | Note
--------------------------------------------------------------
     0 | D:1      | Chemotherapy the Naga Chaos Knight began the quest for the Orb.
     0 | D:1      | Reached XP level 1. HP: 21/21 MP: 1/1
   112 | D:1      | Reached XP level 2. HP: 23/28 MP: 2/2
   282 | D:1      | Found a shattered altar of Ashenzari.
   301 | D:1      | Reached skill level 4 in Axes
   337 | D:1      | Reached XP level 3. HP: 20/34 MP: 3/3
   586 | D:1      | XOM: harmless Divn miscast
  1099 | D:2      | XOM is BORED!
  1099 | D:2      | XOM: mild Ice miscast
  1204 | D:2      | XOM: divination: detect creatures
  1300 | D:2      | XOM: noise
  1314 | D:2      | Reached XP level 4. HP: 39/42 MP: 4/4
  1388 | D:2      | Noticed Ijyb
  1403 | D:2      | Killed Ijyb
  1403 | D:2      | Reached skill level 5 in Axes
  1623 | D:2      | XOM: god gift: 23 stones
  1706 | D:2      | XOM: divination: detect creatures
  1711 | D:3      | Noticed Robin
  1780 | D:3      | Reached XP level 5. HP: 40/49 MP: 5/5
  1821 | D:3      | Found a burning altar of Makhleb.
  2106 | D:3      | XOM: harmless Hex miscast
  2135 | D:3      | Found a bloodstained altar of Trog.
  2213 | D:3      | Reached skill level 6 in Axes
  2218 | D:3      | Banished Robin
  2476 | D:3      | Found an ancient bone altar of Kikubaaqudgha.
  2477 | D:3      | Found a radiant altar of Vehumet.
  2478 | D:3      | Found a deep blue altar of Sif Muna.
  2483 | D:3      | Identified Kikubaaqudgha's Almanac of Black Rites
  2506 | D:3      | Found an oddly glowing altar of Pakellas.
  2639 | D:4      | XOM: noise
  2649 | D:4      | HP: 7/49 [gnoll sergeant/spear (8)]
  2652 | D:4      | Reached XP level 6. HP: 46/56 MP: 6/6
  2835 | D:4      | XOM: divination: detect items
  2849 | D:4      | Reached skill level 7 in Axes
  2926 | D:4      | Reached XP level 7. HP: 32/62 MP: 7/7
  2952 | D:4      | Noticed Crazy Yiuf
  2959 | D:4      | XOM: divination: magic mapping
  2960 | D:4      | Killed Crazy Yiuf
  3193 | D:4      | Found an iron altar of Okawaru.
  3237 | D:4      | Reached skill level 8 in Axes
  3252 | D:4      | HP: 12/62 [orc/flail (5)]
  3907 | D:4      | Found a sparkling altar of Nemelex Xobeh.
  3928 | D:4      | Noticed heiberg's ghost (amateur HEWz)
  3938 | D:4      | Killed heiberg's ghost
  3938 | D:4      | Reached skill level 9 in Axes
  4122 | D:5      | XOM: stealth player
  4122 | D:5      | Entered Level 5 of the Dungeon
  4280 | D:5      | XOM: mild Fire miscast
  4345 | D:5      | Found a glowing golden altar of the Shining One.
  4355 | D:5      | Noticed Duvessa
  4356 | D:5      | Noticed Dowan
  4364 | D:5      | XOM: chaos upgrade
  4370 | D:5      | Reached XP level 8. HP: 33/69 MP: 8/8
  4375 | D:5      | XOM: potion effect (berserk rage)
  4477 | D:5      | XOM: silly message
  4506 | D:5      | Killed Duvessa
  4516 | D:5      | Killed Dowan
  4956 | D:5      | XOM: harmless Erth miscast
  5012 | D:6      | Found Jonier's Assorted Antiques.
  5012 | D:6      | XOM: scenery: create altars
  5020 | D:5      | Reached skill level 10 in Axes
  5125 | D:6      | Bought a bubbling black potion for 24 gold pieces
  5125 | D:6      | Bought a lumpy cyan potion for 24 gold pieces
  5125 | D:6      | Bought a scroll labeled CUNAVE ZANITSY for 27 gold pieces
  5293 | D:6      | XOM: summons friendly ufetubus
  5341 | D:5      | XOM: vitrification
  5347 | D:5      | XOM: scenery: create altars
  5427 | D:6      | XOM: fog
  5510 | D:6      | Noticed Edmund
  5510 | D:6      | XOM: severe Tloc miscast
  5510 | D:6      | Cast into level 1 of the Abyss (the severe capriciousness of Xom)
  5510 | Abyss:1  | Found a corrupted altar of Lugonu.
  5510 | D:6      | Escaped the Abyss
  5510 | D:6      | XOM: revert banishment
  5523 | D:6      | Killed Edmund
  5523 | D:6      | Reached skill level 11 in Axes
  5541 | D:6      | XOM: fog
  5546 | D:6      | XOM: summons friendly white imp
  5554 | D:6      | HP: 13/69 [phantom (5)]
  5557 | D:6      | Gained mutation: You are frail (-10% HP). [potion of mutation]
  5557 | D:6      | Gained mutation: Your spells are a little harder to cast, but a little more powerful. [potion of mutation]
  5557 | D:6      | Gained mutation: You are somewhat resistant to further mutation. [potion of mutation]
  5566 | D:6      | HP: 12/62 [phantom (3)]
  5577 | D:6      | Reached XP level 9. HP: 16/67 MP: 9/9
  5738 | D:6      | Noticed Menkaure
  5762 | D:6      | Killed Menkaure
  5825 | D:6      | XOM: god gift: viscous white potion
  5973 | D:6      | XOM: destruction
  5981 | D:6      | HP: 11/67 [something (6)]
  6083 | D:6      | XOM: give mutations
  6083 | D:6      | Gained mutation: You are partially covered in slimy green scales (AC +2). [Xom's grace]
  6083 | D:6      | Gained mutation: You are covered in fur (AC +1). [Xom's grace]
  6083 | D:6      | Gained mutation: You are partially covered in molten scales (AC +1). [Xom's grace]
  6195 | D:6      | XOM: give mutation
  6195 | D:6      | Gained mutation: Your flesh is cold resistant. [Xom's grace]
  6257 | D:6      | Found a sacrificial altar of Ru.
  6360 | D:6      | Reached skill level 12 in Axes
  6382 | D:7      | XOM: scenery: create altars
  6386 | D:7      | Reached skill level 1 in Dodging
  6534 | D:7      | Reached skill level 1 in Evocations
  6570 | D:7      | Reached skill level 2 in Armour
  6648 | D:7      | XOM: scenery: create altars
  6949 | D:7      | Found a staircase to the Ecumenical Temple.
  6982 | D:7      | XOM: vitrification
  7079 | D:7      | XOM: 2-stop teleportation journey
  7119 | D:7      | Found a stormy altar of Qazlal.
  7304 | D:8      | Reached skill level 2 in Evocations
  7461 | D:8      | Found a snail-covered altar of Cheibriados.
  7461 | D:8      | Found a shattered altar of Ashenzari.
  7528 | D:8      | Reached skill level 2 in Dodging
  7535 | D:8      | XOM: potion effect (berserk rage)
  7538 | D:8      | Reached skill level 4 in Fighting
  7641 | D:8      | Found a sand-covered staircase.
  7646 | D:8      | XOM: 3-stop teleportation journey
  7660 | D:8      | XOM: vitrification
  7667 | D:8      | Reached XP level 10. HP: 62/77 MP: 12/12
  7673 | D:8      | XOM: blink monster(s)
  7677 | D:8      | Reached skill level 3 in Evocations
  7700 | D:8      | Reached skill level 3 in Armour
  7779 | Ossuary  | XOM: noise
  7779 | Ossuary  | Entered an ossuary
  7782 | Ossuary  | XOM: medium Hex miscast
  7974 | Ossuary  | XOM: noise
  8227 | D:8      | Reached skill level 3 in Dodging
  8234 | D:8      | XOM: noise
  8258 | D:8      | XOM: mild Summ miscast
  8478 | D:8      | XOM: harmless Divn miscast
  8479 | D:8      | XOM: smoke on damage
  8731 | D:9      | Reached skill level 5 in Fighting
  8830 | D:9      | Reached skill level 4 in Evocations
  9107 | D:9      | Noticed a hill giant
  9108 | D:9      | XOM: enchant monster (good)
  9129 | D:9      | HP: 19/79 [hill giant/giant spiked club (35)]
  9129 | D:9      | XOM: smoke on damage
  9130 | D:9      | HP: 2/79 [hill giant/giant spiked club (17)]
  9132 | D:9      | Demolished by a hill giant

Skill      XL: |  1  2  3  4  5  6  7  8  9 10 |
---------------+-------------------------------+-----
Axes           | 4 5 6 7 9 11 12 | 12.6
Dodging        | 2 3 |  3.4
Evocations     | 2 4 |  4.2
Armour         | 2 3 |  3.7
Fighting       | 4 5 |  5.2

Action                   |  1- 3 |  4- 6 |  7- 9 | 10-12 || total
-------------------------+-------+-------+-------+-------++-------
Melee: Hand axe          |   107 |   146 |   387 |    31 ||   671
       Battleaxe         |       |       |    52 |   195 ||   247
 Abil: Spit Poison       |     1 |     2 |     4 |       ||     7
  Use: Scroll            |       |     1 |    15 |     2 ||    18
       Potion            |       |     5 |     7 |       ||    12
 Stab: Sleeping          |     1 |       |     1 |       ||     2
       Paralysed         |       |     2 |     6 |       ||     8
       Confused          |       |     2 |     3 |       ||     5
       Petrifying        |       |       |     4 |       ||     4
       Petrified         |       |       |     1 |       ||     1
  Eat: Chunk             |     1 |     4 |    12 |     6 ||    23
       Beef jerky        |       |       |     2 |       ||     2
       Pizza             |       |       |     1 |       ||     1
       Royal jelly       |       |       |       |     1 ||     1
Armor: Leather armour    |    38 |    50 |   169 |   122 ||   379
Dodge: Dodged            |    68 |    89 |   179 |   140 ||   476

Vault maps used:
D:1:      dpeg_arrival_stonehenge_8_columns, st_stairs_11,
          minmay_misc_feat_cross, corexii_hall_statues_u,
          nicolae_ashenzari_panopticon
D:2:      uniq_iyjb
D:3:      grunt_temple_overflow_magic_moments, makhleb_heckhound_becter,
          old_standard_altar, lemuel_coloured_pillars_altar, uniq_robin
D:4:      okawaru_metal_pillars_1_2, nemelex_deck, first_bread,
          minmay_misc_feat_five, minmay_misc_feat_columns,
          uniq_crazy_yiuf_cottage
D:5:      nicolae_overflow_hidden_temple, serial_co_window_serial,
          co_window_of_opportunity_a, co_window_of_opportunity_a,
          co_window_paths_a, co_window_paths_a, co_window_paths_a,
          co_window_of_opportunity_a, co_window_corner_a, co_window_corner_a,
          co_window_paths_b, co_window_corner_ca, co_window_broadway_a,
          co_window_broadway_a, co_window_of_opportunity_b, uniq_duvessa
D:6:      kennysheep_steamy, nicolae_ru_path_of_blood, serial_shops,
          nicolae_shop_overgrown_old_shop, uniq_edmund, uniq_menkaure
D:7:      nicolae_qazlal_eye_of_the_storm, minmay_temple_entry_crystal_x
D:8:      gammafunk_temple_overflow_wave, enter_ossuary_1
D:9:      minmay_quarter_circles, nicolae_overflow_crystal_walls, serial_shops,
          shop
Abyss:1:  evilmike_abyss_exit_plants
Ossuary:  ossuary_tomb_1

Table legend:
 A = Turns spent in this place as a percentage of turns spent in the entire game.
 B = Non-inter-level travel turns spent in this place as a percentage of non-inter-level travel turns spent in the entire game.
 C = Inter-level travel turns spent in this place as a percentage of turns spent in this place.
 D = Turns resting spent in this place as a percentage of non-inter-level travel turns spent in this place.
 E = Turns spent auto-exploring this place as a percentage of non-inter-level travel turns spent in this place.
 F = Non-inter-level travel turns spent in this place divided by the number of levels of this place that you've seen.
                   A       B       C       D       E      F
               +-------+-------+-------+-------+-------+----------------------
         Total | 100.0 | 100.0 |   0.7 |   4.1 |  11.3 | 202.2
       Dungeon |  91.2 |  91.2 |   0.8 |   4.1 |  11.8 | 225.3
         Abyss |   0.0 |   0.0 |  -nan |  -nan |  -nan |   0.0
       Ossuary |   8.8 |   8.8 |   0.0 |   4.1 |   6.1 | 196.0
               +-------+-------+-------+-------+-------+----------------------

Table legend:
 A = Kills in this place as a percentage of kills in entire the game.
 B = Kills by you in this place as a percentage of kills by you in the entire game.
 C = Kills by friends in this place as a percentage of kills by friends in the entire game.
 D = Other kills in this place as a percentage of other kills in the entire game.
 E = Experience gained in this place as a percentage of experience gained in the entire game.
 F = Experience gained in this place divided by the number of levels of this place that you have seen.
                   A       B       C       D       E      F
               +-------+-------+-------+-------+-------+----------------------
         Total | 100.0 | 100.0 |  -nan | 100.0 | 100.0 | 642.9
       Dungeon |  85.2 |  85.2 |  -nan | 100.0 |  96.4 | 757.2
       Ossuary |  14.8 |  14.8 |  -nan |   0.0 |   3.6 | 257.0
               +-------+-------+-------+-------+-------+----------------------
